Map: Ephemeron LE

Players

PtitDrogo - Winner!

  • Race: Protoss Protoss
  • League: Grandmaster
  • Spawn Location: 5:00

liquidthermy (uThermal)

  • Race: Terran Terran
  • Spawn Location: 11:00

Event: HomeStory Cup XX

VOD

Have the link to the VOD?

Description

Time

  • Played on: Nov. 22, 2019, 1:02 p.m.
  • Length: 12:49

All games in this series

Show
View Real Time Build Order
Export as new Build Order

PtitDrogo Protoss - Winner!

Build Orders: 1 Gate Expand, Archon Immortal 

Get SALT Encoding   

  12  0:00  Probe  
  13  0:12  Probe  
  14  0:16  Pylon  
  14  0:24  Probe  
  15  0:33  Probe  
  15  0:34  Gateway  
  15  0:41  Probe  
  16  0:46  Assimilator  
  17  0:51  Probe  
  18  1:03  Probe  
  19  1:15  Probe  
  20  1:21  Cybernetics Core  
  20  1:32  Nexus  
  20  1:38  Pylon  
  20  1:41  Probe  
  20  1:46  Assimilator  
  21  1:47  Stalker  
  21  1:53  Probe  
  24  2:03  Warp Gate  
  24  2:05  Probe  
  24  2:07  Stalker  
  25  2:20  Probe  
  28  2:32  Probe  
  28  2:36  Robotics Facility  
  29  2:40  Probe  
  29  2:44  Probe  
  29  2:49  Probe  
  31  2:56  Probe  
  33  2:59  Probe  
  34  3:08  Probe  
  34  3:09  Probe  
  34  3:11  Sentry  
  38  3:17  Probe  
  38  3:21  Probe  
  38  3:24  Observer, Gateway  
  38  3:25  Probe, Gateway  
  41  3:28  Pylon  
  41  3:33  Probe  
  43  3:35  Pylon  
  43  3:37  Probe  
  44  3:45  Observer, Probe  
  44  3:47  Probe  
  46  3:51  Stalker  
  46  3:55  Probe  
  49  3:57  Probe  
  49  3:58  Nexus  
  51  4:03  Pylon, Probe  
  51  4:09  Probe  
  53  4:10  Assimilator  
  53  4:12  Assimilator  
  53  4:13  Observer  
  54  4:17  Probe  
  54  4:21  Probe  
  54  4:23  Stalker x2  
  60  4:30  Probe  
  61  4:33  Probe  
  61  4:35  Pylon  
  62  4:41  Probe  
  62  4:45  Forge, Probe, Twilight Council  
  64  4:49  Probe  
  58  4:57  Probe x2  
  60  5:06  Probe  
  61  5:08  Probe  
  61  5:09  Probe  
  61  5:11  Protoss Ground Armor Level 1  
  64  5:14  Probe  
  64  5:16  Probe  
  64  5:19  Warp Prism  
  64  5:20  Probe  
  68  5:21  Charge  
  68  5:22  Probe  
  68  5:26  Observer, Probe, Templar Archives  
  68  5:28  Probe  
  70  5:36  Probe  
  70  5:37  Probe  
  70  5:39  Probe  
  70  5:41  Sentry  
  73  5:46  Pylon  
  73  5:48  Probe  
  73  5:49  Probe  
  75  5:51  Probe  
  75  5:55  Psionic Storm, Gateway x2  
  75  5:56  Gateway  
  76  6:00  Probe, Gateway  
  76  6:01  Gateway  
  76  6:02  Probe  
  78  6:04  High Templar x2  
  78  6:05  High Templar  
  78  6:10  Assimilator x2  
  78  6:11  Probe  
  85  6:12  Probe  
  85  6:14  Probe  
  87  6:23  Pylon, Probe  
  88  6:26  Pylon  
  88  6:28  Immortal  
  92  6:33  Pylon  
  92  6:37  High Templar  
  92  6:38  Zealot  
  92  6:39  Zealot  
  98  6:45  Observer  
  98  6:48  Observer, Forge  
  98  6:51  High Templar  
  98  6:52  Zealot x2  
  104  6:55  Photon Cannon  
  104  6:56  Zealot  
  104  6:57  Pylon, Zealot  
  104  6:58  Observer  
  104  7:00  Photon Cannon  
  104  7:01  Protoss Ground Weapons Level 1  
  108  7:04  Protoss Ground Armor Level 2  
  108  7:09  Observer  
  108  7:13  Immortal  
  112  7:19  Pylon  
  112  7:35  High Templar x2, Zealot x6  
  127  7:38  Nexus  
  127  7:40  Archon  
  127  7:44  Pylon  
  127  7:52  Pylon  
  127  7:53  Robotics Bay  
  127  7:54  Robotics Facility  
  127  7:57  Immortal  
  131  8:09  Stalker x4  
  131  8:10  Zealot x3  
  143  8:19  Zealot  
  124  8:30  Zealot x3  
  124  8:33  Archon  
  107  8:35  Zealot  
  107  8:36  Immortal, Zealot x3  
  107  8:40  Zealot  
  107  8:41  Probe  
  85  8:52  Zealot x3  
  76  8:57  Zealot  
  69  9:04  Zealot x2  
  69  9:07  High Templar  
  65  9:15  High Templar x2  
  57  9:35  Probe  
  57  9:36  Probe x2  
  56  9:39  High Templar x3  
  56  9:44  Archon  
  61  9:45  High Templar x2  
  61  9:46  Zealot  
  61  9:50  Archon  
  66  9:59  Zealot x2  
  64  10:08  High Templar  
  66  10:19  Zealot x4  
  66  10:20  Archon  
  74  10:25  Zealot  
  72  10:35  High Templar  
  70  10:40  Archon  
  68  10:44  Zealot x4  
  68  10:48  Archon  
  68  10:49  Observer, Zealot  
  70  10:51  Observer  
  62  11:06  High Templar x2  
  62  11:07  Zealot x2  
  62  11:10  Warp Prism  
  70  11:18  High Templar  
  70  11:20  Zealot  
  70  11:21  Observer  
  76  11:35  Stalker x2  
  76  11:39  High Templar  
  82  11:45  Zealot x2  
  80  12:22  High Templar x2  
  84  12:23  Zealot x4  
  84  12:26  Archon  
  84  12:45  Archon  
  84  12:47  Zealot x4  
Show
View Real Time Build Order
Export as new Build Order

liquidthermy Terran 

Build Orders: Reaper Expand 

Get SALT Encoding   

  12  0:01  SCV  
  13  0:13  SCV  
  14  0:17  Supply Depot  
  14  0:25  SCV  
  15  0:38  SCV  
  15  0:40  Barracks  
  16  0:43  Refinery  
  16  0:50  SCV  
  17  1:03  SCV  
  18  1:15  SCV  
  19  1:27  Orbital Command, Reaper  
  20  1:43  Command Center  
  20  1:49  Supply Depot  
  20  1:54  SCV  
  20  1:59  Marine  
  22  2:06  SCV  
  23  2:09  Factory  
  23  2:17  Refinery  
  23  2:18  SCV  
  23  2:19  Barracks Reactor  
  24  2:30  SCV  
  24  2:32  Bunker  
  25  2:43  SCV  
  26  2:53  Starport  
  26  2:55  Orbital Command, SCV  
  26  2:56  Marine  
  26  2:57  Marine  
  28  3:07  SCV  
  28  3:11  Widow Mine  
  30  3:14  Marine x2  
  32  3:20  SCV x2  
  34  3:30  Medivac  
  34  3:32  SCV  
  34  3:33  Widow Mine, SCV  
  40  3:35  Marine  
  40  3:36  Marine  
  40  3:41  Supply Depot  
  42  3:45  SCV x2  
  44  3:48  Refinery  
  44  3:54  Marine  
  45  3:55  Marine, Factory Tech Lab  
  48  4:02  SCV x2  
  48  4:03  Starport Tech Lab  
  48  4:04  Supply Depot  
  48  4:14  Marine, SCV  
  48  4:15  SCV  
  48  4:16  Marine  
  52  4:19  Supply Depot  
  52  4:22  Raven  
  54  4:27  SCV  
  54  4:28  SCV  
  56  4:37  Command Center  
  56  4:39  Marine, SCV  
  56  4:40  Marine, SCV  
  60  4:46  Siege Tank  
  60  4:51  SCV  
  60  4:53  SCV  
  60  4:57  Marine  
  60  4:58  Marine  
  62  5:03  Supply Depot, SCV  
  63  5:08  SCV  
  63  5:11  Barracks x2  
  64  5:15  SCV  
  64  5:16  Marine x2  
  64  5:18  Siege Tank  
  64  5:20  Supply Depot  
  70  5:21  Starport Reactor  
  70  5:24  SCV  
  70  5:27  SCV  
  72  5:39  Marine x2, Barracks  
  72  5:40  Barracks, SCV  
  75  5:50  Orbital Command  
  75  5:54  Engineering Bay  
  75  5:55  Engineering Bay  
  74  5:57  Marine  
  74  5:58  Marine  
  74  6:00  Marine  
  74  6:01  Factory Reactor  
  74  6:02  Stimpack  
  77  6:06  Marauder  
  77  6:07  Combat Shield  
  79  6:12  Medivac  
  79  6:14  Medivac  
  79  6:16  Marine  
  84  6:21  Terran Infantry Weapons Level 1, Terran Infantry Armor Level 1  
  84  6:27  Refinery  
  84  6:29  Supply Depot  
  84  6:31  Barracks Tech Lab, Barracks Reactor  
  84  6:33  Marine x2  
  84  6:34  Marauder  
  84  6:38  Widow Mine, Supply Depot  
  92  6:40  Widow Mine, Marine  
  92  6:44  Medivac  
  95  6:50  Orbital Command  
  95  6:51  Supply Depot  
  95  6:53  Supply Depot  
  95  6:54  Marine x2  
  95  6:59  Marine, Widow Mine  
  95  7:00  Missile Turret  
  95  7:01  Marine, Widow Mine  
  102  7:05  Marine  
  102  7:06  Supply Depot  
  105  7:09  Marine  
  105  7:11  Marine  
  105  7:13  Marauder  
  105  7:14  Medivac  
  110  7:19  Marine  
  110  7:20  Marauder  
  110  7:21  Widow Mine  
  110  7:22  Widow Mine  
  117  7:23  Marine  
  117  7:29  Medivac, Supply Depot  
  120  7:34  Marine x2  
  120  7:35  Marauder  
  124  7:38  Marine x2  
  124  7:40  Marine  
  124  7:42  Widow Mine  
  124  7:44  Widow Mine, Medivac  
  133  7:53  Marine x2, Marauder, Supply Depot  
  137  7:59  Medivac  
  137  8:02  Marine  
  137  8:03  Marine x2, Widow Mine  
  137  8:05  Widow Mine  
  145  8:09  Marine  
  145  8:11  Marine  
  146  8:14  Medivac  
  146  8:15  Marauder  
  145  8:20  Marine  
  145  8:22  Marauder  
  131  8:27  Marauder  
  131  8:33  Marine x2  
  104  8:35  Widow Mine  
  104  8:36  Marauder  
  104  8:40  Marine  
  94  8:43  Marine x2  
  73  9:00  Marine  
  68  9:07  Marine  
  69  9:16  Marine  
  58  9:24  Marine  
  58  9:26  Marine  
  58  9:34  Marauder  
  58  9:35  Marine  
  61  9:47  Marine x2, Marauder x2  
  61  9:50  Widow Mine, Marine  
  70  9:53  Marine  
  69  10:02  Widow Mine  
  69  10:06  Marine, Marauder  
  66  10:10  Marine  
  66  10:11  Widow Mine  
  65  10:24  Marine, Widow Mine  
  60  10:36  Marine  
  59  10:48  Marine  
  40  10:59  Marine  
  41  11:04  Concussive Shells  
  41  11:08  SCV  
  42  11:11  SCV  
  42  11:14  SCV  
  44  11:21  Marine  
  44  11:22  SCV  
  46  11:28  Marine, Orbital Command  
  47  11:33  Marine  
  48  11:43  SCV  
  49  11:47  SCV  
  50  11:55  SCV  
  50  11:58  Marine  
  52  12:06  Widow Mine  
  52  12:07  SCV  
  55  12:12  SCV  
  56  12:15  SCV  
  56  12:20  Marine, SCV  
  59  12:24  Marine  
  59  12:25  SCV  
  59  12:28  Marine  
  62  12:32  SCV  
Tags
 
Add a new tag
Caveats
  • Supply blocks, unpowered buildings, or Contaminate may cause inaccurate times.
  • Supply counts are checked every 10 seconds.